 Dungeon Crawl Stone Soup version 0.27-a0-1434-g6f15984924 (webtiles) character file.

Game seed: 8920995393106233405

328 Araneus the Cudgeller (level 6, -10/47 HPs)
             Began as a Demonspawn Fighter on July 3, 2021.
             Mangled by an ogre (12 damage)
             ... on level 4 of the Dungeon.
             The game lasted 00:11:19 (3729 turns).

Araneus the Cudgeller (Demonspawn Fighter)          Turns: 3729, Time: 00:11:19

Health: -10/47     AC:  9    Str: 16 (18) XL:     6   Next: 25%
Magic:  6/6        EV:  4    Int:  9 (10) God:
Gold:   116        SH:  9    Dex: 17 (18) Spells: 5/5 levels left

rFire    . . .     SeeInvis .   a - +1 flail
rCold    . . .     Faith    .   c - +0 kite shield
rNeg     . . .     Spirit   .   m - +0 chain mail
rPois    .         Reflect  .   (helmet restricted)
rElec    .         Harm     .   (no cloak)
rCorr    .         Rampage  .   (no gloves)
Will     .....                  (no boots)
Stlth    ..........             (no amulet)
HPRegen  0.15/turn              h - +6 ring of dexterity
MPRegen  0.10/turn              (no ring)

@: no status effects
A: antennae 1, foul stench 1, sharp scales 1, demonic magic 1
a: no special abilities


You were on level 4 of the Dungeon.
You visited 1 branch of the dungeon, and saw 4 of its levels.

You collected 141 gold pieces.
You spent 25 gold pieces at shops.

Inventory:

Hand Weapons
 a - a +1 flail (weapon)
Armour
 c - a +0 kite shield (worn)
 m - a +0 chain mail (worn)
Jewellery
 b - a ring of wizardry
 h - a +6 ring of dexterity (left hand)
Wands
 g - a wand of flame (10)


   Skills:
 - Level 3.0 Fighting
 + Level 6.1 Maces & Flails
 - Level 2.6 Armour
 - Level 2.6 Shields


You had 5 spell levels left.
You didn't know any spells.
Your spell library contained the following spells:

 Spells                   Type           Power      Damage    Failure   Level
 Corona                   Hex            0%         N/A       100%        1
 Freeze                   Ice            0%         1d3       100%        1
 Ensorcelled Hibernation  Hex/Ice        0%         N/A       100%        2
 Frozen Ramparts          Ice            0%         1d2       100%        3
 Ozocubu's Armour         Ice            0%         N/A       100%        3
 Tukima's Dance           Hex            0%         N/A       100%        3
 Hailstorm                Conj/Ice       0%         3d3       100%        4
 Metabolic Englaciation   Hex/Ice        0%         N/A       100%        5
 Simulacrum               Ice/Necr       0%         N/A       100%        6
 Chain Lightning          Conj/Air       0%         N/A       100%        9
 Fire Storm               Conj/Fire      0%         5d1       100%        9


Dungeon Overview and Level Annotations

Branches:
Dungeon (4/15)
 Temple: D:4-7

Altars:

Shops:
D:2 :*((*


Innate Abilities, Weirdness & Mutations

You have a pair of small antennae on your head.
You may rarely emit foul miasma when damaged in melee.
You are partially covered in razor-sharp scales. (AC +1, Slay +1)
Spells you cast may paralyse adjacent enemies.


Message History

The black bear barely misses you.
The black bear claws you but does no damage.
The black bear claws you.
You sock the black bear!
You kill the black bear!
You block the quokka's attack.
You feel your intelligence returning.
You feel your dexterity returning.
Your Maces & Flails skill increases to level 6!
You have reached level 6!
Your experience leads to an increase in your attributes!
Your base attributes are Str 17, Int 10, Dex 12.
Increase (S)trength, (I)ntelligence, or (D)exterity?
You feel stronger.
You miss the quokka.
The quokka bites you but does no damage.
You miss the quokka. You block the quokka's attack.
The quokka bites you but does no damage.
You hit the quokka.
You kill the quokka!
You block the ogre's attack.
You closely miss the ogre. The ogre hits you with a +0 giant club!
You thump the ogre!
The ogre is moderately wounded.
The ogre hits you with a +0 giant club.
You thump the ogre!
The ogre is severely wounded.
The ogre hits you with a +0 giant club!
You hit the ogre.
The ogre is almost dead.
The ogre hits you with a +0 giant club!
* * * LOW HITPOINT WARNING * * *
You feel better. The ogre hits you with a +0 giant club!
* * * LOW HITPOINT WARNING * * *
You aren't carrying any potions.
As you read the scroll labelled SUPHUY PAOHUNN, it crumbles to dust.
You hear a loud clanging noise!
It was a scroll of noise.
You hear an angry hiss.
You hear a shout!
The ogre hits you with a +0 giant club!
You die...

##.## #...# #
###...###
#.#.......####
#............#
#.!.....##.# #
###...####{#
#.#######...#
#r#
#..@O......##
#.#
############
#.# #.# #.#
#.# #.# #.#
#########.#
.....r....#


You could see an ogre.

Vanquished Creatures
  A black bear (D:4)
  The ghost of zzzzzzzz the Skirmisher, a weakling DsFi of Trog (D:3)
  An iguana (D:4)
  4 adders
  3 gnolls (D:3)
  A worm (D:3)
  4 dart slugs
  2 orcs (D:3)
  7 ball pythons
  6 bats
  5 endoplasms
  5 giant cockroaches
  9 goblins
  4 hobgoblins
  10 jackals
  6 kobolds
  2 quokkas
  5 frilled lizards
  8 rats
84 creatures vanquished.

Vanquished Creatures (others)
  23 plants
23 creatures vanquished.

Grand Total: 107 creatures vanquished

Notes
Turn   | Place    | Note
-------+----------+-------------------------------------------
     0 | D:1      | Araneus the Demonspawn Fighter began the quest for the Orb.
     0 | D:1      | Reached XP level 1. HP: 18/18 MP: 1/1
    27 | D:1      | Reached skill level 2 in Maces & Flails
   289 | D:1      | Gained mutation: Spells you cast may paralyse adjacent
                  | enemies. [demonic ancestry]
   289 | D:1      | Reached XP level 2. HP: 23/24 MP: 2/2
   474 | D:1      | Reached skill level 3 in Maces & Flails
   882 | D:1      | Gained mutation: You have a pair of small antennae on your
                  | head. [demonic ancestry]
   882 | D:1      | Reached XP level 3. HP: 29/29 MP: 3/3
  1332 | D:2      | Found Fegahapn's Antique Weapon Shoppe.
  1522 | D:2      | Found Guulem's Assorted Antiques.
  1531 | D:2      | Bought a scroll labelled YFAIHU KIXZEV for 25 gold pieces
  1584 | D:2      | Found Igydota's Antique Weapon Shoppe.
  1682 | D:2      | Found Sipnyl's General Store.
  1746 | D:2      | Found Fymm's Book Emporium.
  1773 | D:2      | Gained mutation: You are partially covered in razor-sharp
                  | scales. (AC +1, Slay +1) [demonic ancestry]
  1773 | D:2      | Reached XP level 4. HP: 35/35 MP: 4/4
  1775 | D:2      | Reached skill level 4 in Maces & Flails
  2828 | D:3      | Found a runed translucent door.
  2830 | D:3      | Noticed zzzzzzzz's ghost (weakling DsFi)
  2842 | D:3      | Gained mutation: You may rarely emit foul miasma when
                  | damaged in melee. [demonic ancestry]
  2842 | D:3      | Reached XP level 5. HP: 41/41 MP: 5/5
  3267 | D:3      | Reached skill level 5 in Maces & Flails
  3275 | D:3      | Killed zzzzzzzz's ghost
  3490 | D:4      | Noticed an ogre
  3699 | D:4      | Noticed a black bear
  3718 | D:4      | Killed a black bear
  3719 | D:4      | Reached skill level 6 in Maces & Flails
  3719 | D:4      | Reached XP level 6. HP: 42/47 MP: 6/6
  3726 | D:4      | HP: 1/47 [ogre (9)]
  3729 | D:4      | Mangled by an ogre

Illustrated notes

Levels and vault maps discovered:
D:1:      minmay_arrival_radiant_lines, layout_loops_ring
D:2:      minmay_wonky_spiral, layout_rooms, serial_shops, shop,
          nicolae_shop_temple_entry_statues_fountains, nicolae_shop_crystal,
          nicolae_shop_behind_doors, nicolae_shop_waterfront, minmay_ruptured
D:3:      cheibrodos_old_hovel, layout_loops_ring, ebering_ghost_sewer_d
D:4:      layout_loops_ring, serial_bayou, serial_bayou_shore_b,
          serial_bayou_ford_a, serial_bayou_crossing, serial_bayou_pond_c,
          grunt_ministairs_8, uniq_natasha

Skill      XL: |  1  2  3  4  5 |
---------------+----------------+-----
Maces & Flails | 2 3 4 6 |  6.1
Fighting       | |  3.0
Armour         | |  2.6
Shields        | |  2.6

Action                   |  1- 3 |  4- 6 || total
-------------------------+-------+-------++-------
Melee: Flail             |   157 |   125 ||   282
  Use: Potion            |     1 |     7 ||     8
       Scroll            |       |     6 ||     6
 Stab: Distracted        |     1 |       ||     1
Armor: Scale mail        |    78 |     7 ||    85
       Chain mail        |       |    64 ||    64
Dodge: Dodged            |    56 |    25 ||    81
Block: Kite shield       |    82 |    60 ||   142

Table legend: (Time is in decaauts)
 A = Elapsed time spent in this place.
 B = Non-inter-level travel time spent in this place.
 C = Inter-level travel time spent in this place.
 D = Time resting spent in this place.
 E = Time spent auto-exploring this place.
 F = Levels seen in this place.
 G = Mean time per level.
                   A        B        C        D        E       F      G
               +--------+--------+--------+--------+--------+-----+--------+
         Total |   3874 |   3758 |    116 |    546 |   2471 |   4 |  968.5 |
       Dungeon |   3874 |   3758 |    116 |    546 |   2471 |   4 |  968.5 |
               +--------+--------+--------+--------+--------+-----+--------+

Top non-repeatable levels by time:
     D:3: 1498 daAuts
     D:2: 1081 daAuts
     D:1: 1058 daAuts
     D:4: 236 daAuts
